 Dungeon Crawl Stone Soup version 0.21.1-1-g345015fe64 (webtiles) character file.

18 DildoBatman the Magician (level 2, -2/21 HPs)
             Began as a Formicid Wizard on June 12, 2018.
             Slain by a gnoll
             ... wielding a +0 flail
              (6 damage)
             ... on level 1 of the Dungeon.
             The game lasted 00:03:02 (1161 turns).

DildoBatman the Magician (Formicid Wizard)          Turns: 1161, Time: 00:03:03

Health: -2/21      AC:  5    Str: 11    XL:     2   Next: 90%
Magic:  0/6        EV: 15    Int: 17    God:
Gold:   66         SH:  0    Dex: 14    Spells: 6/7 levels left

rFire    . . .     SeeInvis +   (no weapon)
rCold    . . .     Gourm    .   (no shield)
rNeg     . . .     Faith    .   e - +0 ring mail
rPois    .         Spirit   .   (helmet unavailable)
rElec    .         Reflect  .   (no cloak)
rCorr    .         Harm     .   (no gloves)
MR       .....                  (no boots)
Stlth    ++........             (no amulet)
HPRegen  0.07/turn              (no ring)
MPRegen  0.10/turn              (no ring)

@: agile
A: permanent stasis, dig shafts and tunnels, four strong arms, antennae 3
a: Dig, Shaft Self


You were on level 1 of the Dungeon.
You were not hungry.

You visited 1 branch of the dungeon, and saw 2 of its levels.

You collected 66 gold pieces.

Inventory:

Missiles
 c - 40 stones (quivered)
 k - 14 sling bullets
 m - 19 arrows
Armour
 e - a +0 ring mail (worn)
Scrolls
 d - 2 scrolls of remove curse {unknown}
 g - a scroll of amnesia {unknown}
 h - 3 scrolls of enchant weapon {unknown}
Potions
 a - a potion of might {unknown}
 f - a potion of degeneration {unknown}
 j - a potion of agility
 l - a potion of flight {unknown}
Books
 b - a book of Minor Magic

   Spells                             Type                      Level
   a - Magic Dart                     Conjuration                  1
   b - Blink                          Translocation                2
   c - Call Imp                       Summoning                    2
   d - Slow                           Hexes                        2
   e - Conjure Flame                  Conjuration/Fire             3
   f - Mephitic Cloud                 Conjuration/Poison/Air       3
Comestibles
 v - a ration


   Skills:
 * Level 1.6 Fighting
 - Level 1.7 Dodging
 - Level 2.4 Stealth
 - Level 3.2 Spellcasting
 * Level 1.7 Conjurations
   Level 1.0 Summonings
   Level 0.8 Translocations


You had 6 spell levels left.
You knew the following spells:

 Your Spells              Type           Power        Failure   Level  Hunger
c - Magic Dart            Conj           #...         21%         1    None


Dungeon Overview and Level Annotations

Branches:
Dungeon (2/15)

Altars:

Annotations:
D:2 Natasha


Innate Abilities, Weirdness & Mutations

You cannot be hasted, slowed, berserked, paralysed or teleported.
You can dig through walls and to a lower floor.
Your four strong arms can wield two-handed weapons with a shield.
You have a pair of large antennae on your head. (SInv)


Message History

The magic dart hits the gnoll.
The gnoll is almost dead.
The gnoll barely misses you.
Casting: Magic Dart
Confirm with . or Enter, or press ? or * to list all spells.
Aiming: Magic Dart
Press: ? - help, Shift-Dir - straight line, f/p - gnoll
Aim: a gnoll, wielding a flail (almost dead)
The magic dart hits the gnoll.
The gnoll is almost dead.
The gnoll barely misses you.
Casting: Magic Dart
Confirm with . or Enter, or press ? or * to list all spells.
Aiming: Magic Dart
Press: ? - help, Shift-Dir - straight line, f/p - gnoll
Aim: a gnoll, wielding a flail (almost dead)
The magic dart hits the gnoll.
The gnoll is almost dead.
The gnoll hits you with a flail.
You die...

....###.......##...##....#
####
........#.....##....##...#
....####......###....##..#
..............# ##....##.#
#####...#....####......#g#
#..####)...##......#.# ##
#..# ####..#........# #.
#..# ##g#...##...# ####.
#..# #..@...####.####....
#..# #.##...# #.#....###
##.## ###.##...# #.#.####
###..# #...##...# #.#.#
#....# #.####...# #.>.#
###### ####.# ##### ##.###
#....##########.#########
#.............>..........
#########################


You could see a gnoll.

Vanquished Creatures
  2 leopard geckos (D:1)
  3 bats (D:1)
  A giant cockroach (D:1)
  A hobgoblin (D:1)
  3 frilled lizards (D:1)
  2 goblins
  2 kobolds (D:1)
  4 rats (D:1)
18 creatures vanquished.

Notes
Turn   | Place    | Note
-------+----------+-------------------------------------------
     0 | D:1      | DildoBatman the Formicid Wizard began the quest for the Orb.
     0 | D:1      | Reached XP level 1. HP: 13/13 MP: 4/4
    44 | D:1      | Reached skill level 1 in Conjurations
   253 | D:1      | Reached skill level 1 in Fighting
   253 | D:1      | Reached XP level 2. HP: 21/21 MP: 0/6
  1002 | D:2      | Noticed Natasha
  1126 | D:1      | HP: 1/21 [gnoll/flail (6)]
  1161 | D:1      | Slain by a gnoll

Skill      XL: |  1 |
---------------+----+-----
Conjurations   | 1 |  1.7
Fighting       | 1 |  1.6
Dodging        | |  1.7
Stealth        | |  2.4
Spellcasting   | |  3.2
Summonings     | |  1.0
Translocations | |  0.8

Action                   || total
-------------------------++-------
Melee: Unarmed           ||    18
 Cast: Magic Dart        ||    56
 Abil: Dig               ||     4
  Use: Potion            ||     1
  Eat: Chunk             ||     2
Armor: Robe              ||     2
       Ring mail         ||    13
Dodge: Dodged            ||    21
